 Dungeon Crawl Stone Soup version 0.19.1 (webtiles) character file.

772 Iskender the Prestidigitator (level 7, 33/43 HPs)
             Began as an Octopode Artificer on Dec 6, 2016.
             Quit the game on level 4 of the Dungeon.
             The game lasted 00:29:30 (4274 turns).

Iskender the Prestidigitator (Octopode Artificer)   Turns: 4274, Time: 00:29:31

Health: 33/43      AC:  1    Str: 11    XL:     7   Next: 83%
Magic:  22/22      EV: 11    Int: 14    God:
Gold:   129        SH:  8    Dex: 14    Spells: 0 memorised, 6 levels left

rFire  . . .     SeeInvis .     a - +0 spear
rCold  . . .     Gourm    .     u - -1 shield
rNeg   + . .     Faith    .     (helmet restricted)
rPois  .         Spirit   .     r - amulet of Sezorreh {Harm *Drain MP+9}
rElec  .         Reflect  .     e - ring of positive energy
rCorr  .         Harm     +     (no ring)
MR     .....                    (no ring)
Stlth  ++++......               (no ring)
                                (no ring)
                                (no ring)
                                (no ring)
                                (no ring)

@: no status effects
A: almost no armour, stealthy swim, amphibious, 8 rings, constrict 8, camouflage
1, gelatinous body 1
a: no special abilities


You were on level 4 of the Dungeon.
You were hungry.

You visited 1 branch of the dungeon, and saw 4 of its levels.

You collected 279 gold pieces.
You spent 150 gold pieces at shops.

Inventory:

Hand Weapons
 a - a +0 spear (weapon)
 g - a +0 short sword
 q - a +0 hunting sling
 v - a +0 blowgun
 G - a -2 trident
Missiles
 i - 38 poisoned needles
 j - 196 stones (quivered)
 F - 2 tomahawks
Armour
 u - a -1 shield (worn)
Magical Staves
 B - an uncursed staff of cold
Jewellery
 e - a ring of positive energy (left tentacle)
 r - the amulet of Sezorreh (around mantle) {Harm *Drain MP+9}
   (You bought it in a shop on level 4 of the Dungeon)

   [amulet of harm]

   It increases damage dealt and taken.
   It affects your magic capacity (+9).
   It causes draining when unequipped.
Wands
 b - a wand of flame (3/48)
 c - a wand of enslavement (13/24)
 d - a wand of random effects (5/48)
 z - a wand of paralysis (4/24)
Scrolls
 n - a scroll of identify
 s - 3 scrolls of amnesia
 y - a scroll of fog {unknown}
 C - a scroll of immolation
 D - a scroll of enchant weapon {unknown}
 H - a scroll of recharging {unknown}
 I - a scroll of remove curse
 K - 2 scrolls of teleportation
Potions
 h - 2 potions of resistance {unknown}
 k - a potion of mutation {unknown}
 l - 2 potions of berserk rage {unknown}
 m - 2 potions of brilliance {unknown}
 o - 2 potions of flight {unknown}
 p - a potion of might {unknown}
 w - a potion of haste {unknown}
 x - a potion of cure mutation {unknown}
 E - a potion of magic {unknown}
 L - 2 potions of curing {unknown}
Comestibles
 f - 2 bread rations
 t - a beef jerky
 A - a meat ration


   Skills:
 - Level 1.0 Fighting
 - Level 1.0 Short Blades
 - Level 2.0 Dodging
 - Level 4.2 Stealth
 - Level 4.0 Shields
 + Level 8.0 Evocations


You had 6 spell levels left.
You didn't know any spells.

Dungeon Overview and Level Annotations

Branches:
Dungeon (4/15)
 Temple: D:4-7

Altars:
Yredelemnul

Shops:
D:4 *

Annotations:
D:4 Blork the orc


Innate Abilities, Weirdness & Mutations

You cannot wear most types of armour.
You are very stealthy in the water. (Stealth+)
You are amphibious.
You can wear up to eight rings at the same time.
You can use your tentacles to constrict eight enemies at once.
Your skin changes colour to match your surroundings (Stealth+).
Your rubbery body absorbs attacks. (AC +1, EV +1)


Message History

Grinder is almost dead.
You constrict Grinder.
You kill Grinder!
Your Evocations skill increases to level 8!
L - 2 smoky white potions
There is a stone staircase leading down, spattered with blood here.
Magic restored.
You climb downwards.
Level annotation: Blork the orc
There is a stone staircase leading up, spattered with blood here.
All of the chunks of flesh in your inventory have rotted away.
There is a stone staircase leading down here.
You start resting.
You are feeling hungry.
Okay, then.
Evoke which item? (* to show all) (? for menu, Esc to quit)
Okay, then.
Quiver which item? (- for none, * to show all) (? for menu, Esc to quit)
Okay, then.
Are you sure you want to abandon this character and quit the game? (Confirm with "yes".)

...############# #.........o.
..##...........#######...#...####
.###.#########.#........###..# ##
#†# #.#.#####...#...# # #.# #.#.#
#.#...#.#### # #.#
#.#.#####.###.#..... # #.#
#......)..###.#.#### # #.#
#..[#######.....# # #.#
#..@..........#.# ####.#
##..#######.###.####
)....##########..#######.##......
.................................
.................................
....≈≈≈≈(≈≈≈≈≈≈≈≈≈≈≈≈≈≈≈≈≈≈≈≈≈≈≈≈
....≈≈≈≈≈≈≈≈≈≈≈≈≈≈≈≈≈≈≈≈≈≈≈≈≈≈≈≈≈
....≈(≈≈≈≈≈≈≈≈≈≈≈≈≈≈≈≈≈≈≈≈≈≈≈≈≈≈≈
...))(≈(≈≈≈≈(≈≈≈≈≈≈≈≈≈≈≈≈≈≈≈≈####


There were no monsters in sight!

Vanquished Creatures
  Grinder (D:3)
  An ogre (D:4)
  2 big kobolds (D:4)
  A scorpion (D:4)
  An orc wizard (D:4)
  A hell rat (D:4)
  2 worker ants (D:4)
  A hound skeleton (D:3)
  4 gnolls (D:4)
  4 adders
  3 worms
  A dart slug (D:1)
  2 leopard geckos
  14 orcs
  5 bats
  3 giant cockroaches
  9 goblins
  9 hobgoblins
  2 jackals (D:3)
  32 kobolds
  A quokka (D:3)
  4 ball pythons
  A ball python skeleton (D:4)
  A frilled lizard (D:4)
  4 rats
  2 plants (D:1)
111 creatures vanquished.

Vanquished Creatures (collateral kills)
  3 kobolds (D:4)
3 creatures vanquished.

Grand Total: 114 creatures vanquished

Notes
Turn   | Place    | Note
-------+----------+-------------------------------------------
     0 | D:1      | Iskender the Octopode Artificer began the quest for the Orb.
     0 | D:1      | Reached XP level 1. HP: 13/13 MP: 3/3
   335 | D:1      | Reached XP level 2. HP: 18/18 MP: 4/4
   856 | D:2      | Reached XP level 3. HP: 21/23 MP: 5/5
  1378 | D:3      | Reached skill level 4 in Evocations
  1410 | D:3      | Found a basalt altar of Yredelemnul.
  1419 | D:3      | Reached XP level 4. HP: 28/28 MP: 7/7
  1887 | D:3      | Reached skill level 5 in Evocations
  2030 | D:4      | Found Qehosum's Assorted Antiques.
  2169 | D:4      | Reached XP level 5. HP: 20/33 MP: 8/8
  2268 | D:4      | Noticed Grinder
  2447 | D:4      | Noticed an ogre
  2461 | D:4      | Killed an ogre
  2461 | D:4      | Reached skill level 6 in Evocations
  2476 | D:4      | Bought a scintillating graven amulet for 150 gold pieces
  2476 | D:4      | Identified the amulet of Sezorreh {Harm *Drain MP+9} (You bought it in a shop on level 4 of the Dungeon)
  2638 | D:4      | Reached XP level 6. HP: 38/38 MP: 10/10
  2883 | D:4      | Reached skill level 1 in Shields
  3392 | D:4      | Noticed Blork the orc
  3504 | D:4      | Reached XP level 7. HP: 41/43 MP: 11/11
  3935 | D:4      | Reached skill level 7 in Evocations
  4087 | D:3      | Killed Grinder
  4087 | D:3      | Reached skill level 8 in Evocations
  4274 | D:4      | Quit the game

Skill      XL: |  1  2  3  4  5  6  7 |
---------------+----------------------+-----
Stealth        | 2 4 |  4.2
Evocations     | 4 5 6 8 |  8.0
Shields        | 3 4 |  4.0
Fighting       | |  1.0
Short Blades   | |  1.0
Dodging        | |  2.0

Action                   |  1- 3 |  4- 6 |  7- 9 || total
-------------------------+-------+-------+-------++-------
Melee: Short sword       |    16 |       |       ||    16
       Spear             |    83 |   101 |    55 ||   239
       Tentacles         |    20 |    22 |     9 ||    51
       Constrict         |    12 |    34 |    12 ||    58
       Trident           |       |    56 |       ||    56
 Fire: Blowgun           |       |       |     1 ||     1
Throw: Stone             |     8 |    24 |    15 ||    47
       Tomahawk          |       |     2 |       ||     2
Evoke: Wand              |     1 |    22 |     5 ||    28
  Use: Scroll            |     3 |     3 |       ||     6
 Stab: Sleeping          |    13 |     6 |       ||    19
       Paralysed         |       |     6 |     4 ||    10
       Distracted        |       |       |     1 ||     1
  Eat: Chunk             |     1 |     5 |     2 ||     8
       Fruit             |       |     3 |       ||     3
Armor: Skin              |     4 |     2 |     2 ||     8
Dodge: Dodged            |    14 |    43 |    22 ||    79
Block: Shield            |     1 |    28 |    23 ||    52
